 Dungeon Crawl Stone Soup version 0.27-a0-1299-g1ab19c6527 (webtiles) character file.

Game seed: 10590826114615521745

53 Tocho the Skirmisher (level 3, -1/30 HPs)
             Began as a Demonspawn Abyssal Knight on June 16, 2021.
             Was a Believer of Lugonu.
             Slain by a bullfrog (7 damage)
             ... on level 3 of the Dungeon.
             The game lasted 00:02:02 (1693 turns).

Tocho the Skirmisher (Demonspawn Abyssal Knight)    Turns: 1693, Time: 00:02:03

Health: -1/30      AC:  4    Str: 13    XL:     3   Next: 64%
Magic:  4/4        EV: 11    Int: 13    God:    Lugonu [**....]
Gold:   52         SH:  0    Dex: 12    Spells: 2/2 levels left

rFire    . . .     SeeInvis .   f - +2 spear (vamp)
rCold    . . .     Faith    .   (no shield)
rNeg     . . .     Spirit   .   b - +0 leather armour
rPois    .         Reflect  .   (no helmet)
rElec    .         Harm     .   e - +0 cloak
rCorr    .         Rampage  .   (no gloves)
Will     .....                  (no boots)
Stlth    +.........             (no amulet)
HPRegen  0.10/turn              (no ring)
MPRegen  0.09/turn              (no ring)

@: no status effects
A: talons 2
a: Renounce Religion, Depart the Abyss, Bend Space


You were on level 3 of the Dungeon.
You worshipped Lugonu.
Lugonu was pleased with you.
You visited 1 branch of the dungeon, and saw 3 of its levels.
You visited the Abyss 1 time.

You collected 52 gold pieces.

Inventory:

Hand Weapons
 a - a +1 falchion
 f - a +2 vampiric spear (weapon)
Armour
 b - a +0 leather armour (worn)
 e - a +0 cloak (worn)
Jewellery
 i - a ring of fire
Scrolls
 c - 2 scrolls of amnesia {unknown}
 g - a scroll of magic mapping {unknown}
 h - 3 scrolls of identify {unknown}
 j - a scroll of enchant armour {unknown}
 k - a scroll of torment {unknown}
Potions
 d - a potion of heal wounds {unknown}


   Skills:
 + Level 3.7 Fighting
 + Level 2.4 Long Blades
 + Level 0.3 Polearms
 + Level 2.2 Armour
 + Level 1.1 Dodging
 + Level 0.2 Stealth
 + Level 2.4 Invocations


You had 2 spell levels left.
You didn't know any spells.
Your spell library was empty.

Dungeon Overview and Level Annotations

Branches:
Dungeon (3/15)

Altars:

Annotations:
D:3 Dvallin's ghost, amateur HuMo


Innate Abilities, Weirdness & Mutations

You have razor-sharp toenails.


Message History

The adder bites you. The adder barely misses you.
You hit the adder.
You feel better.
You kill the adder!
Lugonu accepts your kill. The bullfrog hits you. x2
Reach: f) +2 spear (vamp)
Press: ? - help, Dir - move target, f - Dvallin's ghost
Aim: Dvallin's ghost (about 40% to evade your +2 vampiric spear)
The bullfrog is in the way.
You closely miss the bullfrog. The bullfrog misses you.
Reach: f) +2 spear (vamp)
Press: ? - help, Dir - move target, f/p - Dvallin's ghost
Aim: Dvallin's ghost (about 40% to evade your +2 vampiric spear)
You reach to attack!
You hit Dvallin's ghost.
Dvallin's ghost is lightly damaged.
The bullfrog hits you. x2
Reach: f) +2 spear (vamp)
Press: ? - help, Dir - move target, f/p - Dvallin's ghost
Aim: Dvallin's ghost (lightly damaged, about 40% to evade your +2 vampiric spear)
You reach to attack!
You closely miss Dvallin's ghost.
Dvallin's ghost is lightly damaged.
The bullfrog hits you but does no damage. x2
Reach: f) +2 spear (vamp)
Press: ? - help, Dir - move target, f/p - Dvallin's ghost
Aim: Dvallin's ghost (lightly damaged, about 40% to evade your +2 vampiric spear)
The bullfrog is in the way.
You puncture the bullfrog!
You feel better.
You claw the bullfrog.
The bullfrog is moderately wounded.
The bullfrog barely misses you.
Reach: f) +2 spear (vamp)
Press: ? - help, Dir - move target, f/p - Dvallin's ghost
Aim: Dvallin's ghost (lightly damaged, about 40% to evade your +2 vampiric spear)
You reach to attack!
You closely miss Dvallin's ghost.
Dvallin's ghost is lightly damaged.
The bullfrog hits you. x2
* * * LOW HITPOINT WARNING * * *
You barely miss the bullfrog. Your kick misses the bullfrog.
The bullfrog is moderately wounded.
The bullfrog hits you!
You die...

#........ .....
#≈#.#....#
......#!#......# .
......#≈##.....##..
#....#≈#.<........
#....#≈###.....##.
#....#W###.....#
#....#F#....##...#
#.....@...### #.#
######....# # #
#..### ..## #..##
.....#####...#
.......#†....#
#....?.#####
................
..##############


You could see a bullfrog and Dvallin's ghost.

Vanquished Creatures
  An adder (D:3)
  2 dart slugs
  An endoplasm (D:1)
  2 giant cockroaches
  3 goblins
  7 hobgoblins
  4 jackals (D:2)
  2 quokkas
  A ball python (D:2)
  3 bats
  6 kobolds
  4 rats
36 creatures vanquished.

Notes
Turn   | Place    | Note
-------+----------+-------------------------------------------
     0 | Abyss:1  | Tocho the Demonspawn Abyssal Knight began the quest for the
                  | Orb.
     0 | Abyss:1  | Reached XP level 1. HP: 18/18 MP: 2/2
     6 | D:1      | Escaped the Abyss
   675 | D:1      | Gained mutation: You have sharp toenails. [demonic
                  | ancestry]
   675 | D:1      | Reached XP level 2. HP: 24/24 MP: 3/3
   687 | D:1      | Found a faded altar of an unknown god.
   689 | D:1      | Noticed a golden eye
   689 | D:1      | Noticed an eye of devastation
   696 | D:1      | Noticed a golden eye
   722 | D:1      | Reached skill level 1 in Dodging
   736 | D:1      | Noticed a floating eye
  1177 | D:2      | Reached ** piety under Lugonu
  1178 | D:2      | Gained mutation: You have razor-sharp toenails. [demonic
                  | ancestry]
  1178 | D:2      | Reached XP level 3. HP: 29/29 MP: 4/4
  1654 | D:3      | Found a runed translucent door.
  1656 | D:3      | Noticed a bullfrog
  1657 | D:3      | Noticed Dvallin's ghost (amateur HuMo)
  1693 | D:3      | Slain by a bullfrog

Illustrated notes

Levels and vault maps discovered:
D:1:      lightli_molten_gateway, layout_loops_corners,
          hellmonk_ecumenical_altar_watching_god
D:2:      layout_basic, kennysheep_flooded_box
D:3:      layout_rooms, ebering_ghost_sewer_d

Skill      XL: |  1  2 |
---------------+-------+-----
Armour         | 2 |  2.2
Dodging        | 1 |  1.1
Long Blades    | 2 |  2.4
Fighting       | |  3.7
Polearms       | |  0.3
Stealth        | |  0.2
Invocations    | |  2.4

Action                   || total
-------------------------++-------
Melee: Falchion          ||    18
       Spear             ||    96
       Kick              ||    18
Armor: Leather armour    ||    24
Dodge: Dodged            ||    57
       Rpst.: Falchion   ||     2

Table legend: (Time is in decaauts)
 A = Elapsed time spent in this place.
 B = Non-inter-level travel time spent in this place.
 C = Inter-level travel time spent in this place.
 D = Time resting spent in this place.
 E = Time spent auto-exploring this place.
 F = Levels seen in this place.
 G = Mean time per level.
                   A        B        C        D        E       F      G
               +--------+--------+--------+--------+--------+-----+--------+
         Total |   1705 |   1630 |     75 |      0 |   1358 |   4 |  426.2 |
       Dungeon |   1699 |   1624 |     75 |      0 |   1355 |   3 |  566.3 |
         Abyss |      6 |      6 |      0 |      0 |      3 |   1 |    6.0 |
               +--------+--------+--------+--------+--------+-----+--------+

Top non-repeatable levels by time:
     D:1: 1096 daAuts
     D:2: 560 daAuts
     D:3: 42 daAuts
 Abyss:1: 6 daAuts
